 Dungeon Crawl Stone Soup version 0.30-a0-170-g85af917532 (webtiles) character file.

Game seed: 3043084582183991267

196 qw the Chopper (level 5, -4/33 HPs)
             Began as a Gargoyle Fighter on Sept 30, 2022.
             Slain by an iguana (7 damage)
             ... on level 5 of the Dungeon.
             The game lasted 00:00:58 (3062 turns).

qw the Chopper (Gargoyle Fighter)                   Turns: 3062, Time: 00:00:59

Health: -4/33      AC: 13    Str: 21    XL:     5   Next: 75%
Magic:  5/5        EV:  7    Int:  9    God:
Gold:   177        SH:  4    Dex:  9    Spells: 4/4 levels left

rFire   + . .      SeeInvis .    Y - +0 war axe (venom)
rCold   . . .      Faith    .    c - +0 buckler
rNeg    + . .      Spirit   .    l - +0 chain mail {rF+}
rPois   inf        Reflect  .    (no helmet)
rElec   +          Harm     .    (no cloak)
rCorr   .          Rampage  .    (no gloves)
Will    .....                    (no boots)
Stlth   ..........               (no amulet)
HPRegen 0.11/turn                (no ring)
MPRegen 0.09/turn                (no ring)

@: no status effects
A: sickness immunity, AC +4, negative energy resistance 1, electricity
resistance, torment resistance 1, petrification resistance
a: no special abilities


You were on level 5 of the Dungeon.
You visited 1 branch of the dungeon, and saw 4 of its levels.

You collected 177 gold pieces.


Innate Abilities, Weirdness & Mutations

You are immune to sickness and miasma.
Your stone body is resilient. (AC +4)
You are immune to poison.
You resist negative energy. (rN+)
You are resistant to electric shocks. (rElec)
You are resistant to unholy torment.
You are immune to petrification.


   Skills:
 + Level 3.8 Fighting
 - Level 5.0 Axes
 - Level 3.2 Armour
 - Level 3.2 Shields


You had 4 spell levels left.
You didn't know any spells.
Your spell library was empty.

Inventory:

Hand Weapons
 n - a +0 whip
 Y - a +0 war axe of venom (weapon)
Armour
 a - a +4 chain mail of fire resistance
 c - a +0 buckler (worn)
 l - a +0 chain mail of fire resistance (worn)
Jewellery
 b - an amulet of the acrobat
 g - a ring of fire
Scrolls
 f - a scroll of magic mapping {unknown}
 k - a scroll of enchant armour
Potions
 d - a potion of might
 e - a potion of lignification {unknown}
 h - a potion of flight {unknown}
 i - a potion of resistance {unknown}
 j - a potion of curing
 m - a potion of attraction {unknown}
 o - a potion of mutation {unknown}

Dungeon Overview and Level Annotations

Branches:
Dungeon (3/15)

Altars:


Message History

(1) D:2 (2) D:3 Assign waypoint to what number? (0-9, D - delete waypoint) Waypoint 1 re-assigned from D:2 to D:5.
Enter note:
3042 ||| Stepping ~*~*~tactically~*~*~ (stealth).
3043 ||| Stepping ~*~*~tactically~*~*~ (stealth).
The quokka bites you but does no damage.
You slash the quokka!
You kill the quokka!
o - a silvery potion A hound comes into view.
The hound barks!
You hear an angry hiss.
An iguana comes into view.
The iguana hisses angrily.
You slash the hound!
The hound is poisoned.
The hound is severely wounded.
You block the hound's attack.
An iguana comes into view.
The hound stops to sniff the ground.
The hound bites you but does no damage.
The iguana hisses angrily.
You slash the hound!
You kill the hound!
You hit the iguana but do no damage.
The iguana is poisoned.
The iguana bites you. The iguana closely misses you.
You completely miss the iguana. The iguana barely misses you.
You slash the iguana!
The iguana looks as sick as possible!
The iguana is severely wounded.
The iguana bites you!
You closely miss the iguana.
The iguana is severely wounded.
You hit the iguana but do no damage.
The iguana is poisoned.
The iguana bites you. The iguana bites you!
You hit the iguana but do no damage.
The iguana looks as sick as possible!
The iguana is almost dead.
You hit the iguana.
The iguana looks as sick as possible!
You kill the iguana!
The iguana bites you!
You die...

### #.. #.# #.#
#..######.#######
#................
#.#######........
#.#######.#######
#....%@...#
......l###.#
....... #.#
....... #.#
....... #.#
.#..... #.#
####.. #.# ...
... ...


You could see an iguana (extremely poisoned).

Vanquished Creatures
  A hound (D:5)
  An orc priest (D:3)
  An iguana (D:5)
  Ijyb (D:3)
  3 adders
  A shadow imp (D:3)
  2 worms (D:2)
  A dart slug (D:3)
  4 orcs (D:3)
  6 ball pythons
  4 endoplasms
  A giant cockroach (D:2)
  6 goblins
  6 hobgoblins
  7 jackals
  2 quokkas
  6 bats
  6 kobolds
  4 rats
63 creatures vanquished.

Notes
Turn   | Place    | Note
-------+----------+-------------------------------------------
     0 | D:1      | qw the Gargoyle Fighter began the quest for the Orb.
     0 | D:1      | Reached XP level 1. HP: 14/14 MP: 1/1
     0 | D:1      | 0 ||| qw: Version: 0.2-a-12-gaebbb33
     0 | D:1      | 0 ||| qw: Game counter: 1518
     0 | D:1      | 0 ||| qw: Always use a shield: true
     0 | D:1      | 0 ||| qw: God list: Okawaru
     0 | D:1      | 0 ||| qw: Allow faded altars: false
     0 | D:1      | 0 ||| qw: Do Orc after D:15 true
     0 | D:1      | 0 ||| qw: Do second Lair branch before Depths: true
     0 | D:1      | 0 ||| qw: Lair rune preference: random
     0 | D:1      | 0 ||| qw: Plans: Normal, Zot:1-4, God:TSO, Crypt, Tomb,
                  | Pan, Slime:5, Hells, Abyss, Orb
     0 | D:1      | 0 ||| PLANNING D:1-11
   101 | D:1      | Reached skill level 2 in Axes
   378 | D:1      | Reached XP level 2. HP: 11/19 MP: 2/2
   839 | D:1      | Reached skill level 3 in Axes
   876 | D:1      | Reached XP level 3. HP: 23/23 MP: 3/3
  1073 | D:1      | Found a faded altar of an unknown god.
  1212 | D:1      | 1212 ||| UPGRADING to +0 chain mail of fire resistance.
  1222 | D:1      | 1222 ||| DROPPING +0 scale mail.
  1223 | D:1      | 1223 ||| READING 2 scrolls labelled ZYSIT GEENK.
  1224 | D:1      | 1224 ||| READING scroll labelled YCWEIS FOG VOETS.
  1225 | D:1      | 1225 ||| READING scroll labelled MURUTE BESM.
  1226 | D:1      | 1226 ||| READING scroll labelled ZIOT LUXASEQ.
  1231 | D:1      | 1231 ||| READING scroll labelled AKHLOI VUUMOSU.
  1284 | D:1      | 1284 ||| DROPPING scroll of butterflies.
  1380 | D:2      | 1380 ||| Stepping ~*~*~tactically~*~*~ (stealth).
  1382 | D:2      | 1382 ||| Stepping ~*~*~tactically~*~*~ (stealth).
  1724 | D:2      | Reached XP level 4. HP: 28/28 MP: 4/4
  2046 | D:2      | 2046 ||| DROPPING amulet of faith.
  2047 | D:2      | 2047 ||| READING scroll labelled MAID BUUSE.
  2048 | D:2      | 2048 ||| READING scroll labelled UGHINUBLYAXT.
  2049 | D:2      | 2049 ||| DRINKING 3 dark potions.
  2150 | D:2      | 2150 ||| DRINKING 2 viscous inky potions.
  2151 | D:2      | 2151 ||| DROPPING 2 potions of ambrosia.
  2198 | D:3      | Noticed Ijyb
  2199 | D:3      | 2199 ||| Stepping ~*~*~tactically~*~*~ (hiding).
  2211 | D:3      | Killed Ijyb
  2212 | D:3      | Reached skill level 4 in Axes
  2432 | D:3      | 2432 ||| Stepping ~*~*~tactically~*~*~ (hiding).
  2690 | D:3      | Reached XP level 5. HP: 30/32 MP: 5/5
  2693 | D:3      | 2693 ||| Stepping ~*~*~tactically~*~*~ (stealth).
  2838 | D:3      | Reached skill level 5 in Axes
  2992 | D:3      | 2992 ||| DROPPING +0 club.
  3036 | D:3      | You fall into a shaft and drop 2 floors!
  3036 | D:5      | Entered Level 5 of the Dungeon
  3042 | D:5      | 3042 ||| Stepping ~*~*~tactically~*~*~ (stealth).
  3043 | D:5      | 3043 ||| Stepping ~*~*~tactically~*~*~ (stealth).
  3061 | D:5      | HP: 3/33 [iguana (11)]
  3062 | D:5      | Slain by an iguana

Levels and vault maps discovered:
D:1:      lemuel_arrival_behind_the_door_small, layout_basic,
          shapermc_ecumenical_altar_acropolis
D:2:      layout_basic
D:3:      layout_basic, uniq_ijyb
D:5:      layout_loops_ring, mainiacjoe_overflow_boulevard, chequers_jeans

Skill      XL: |  1  2  3  4  5 |
---------------+----------------+-----
Axes           | 2 3 4 5 |  5.0
Fighting       | |  3.8
Armour         | |  3.2
Shields        | |  3.2

Action                   |  1- 3 |  4- 6 || total
-------------------------+-------+-------++-------
Melee: War axe           |    98 |    83 ||   181
  Use: Scroll            |     5 |     2 ||     7
       Potion            |       |     2 ||     2
Armor: Scale mail        |    28 |       ||    28
       Chain mail        |    23 |    41 ||    64
Dodge: Dodged            |    35 |    32 ||    67
Block: Buckler           |    20 |     7 ||    27

Table legend:
 A = Non-vault XP
 B = Vault XP
 C = Vault XP percentage of total XP
 D = Non-vault monster count
 E = Vault monster count
 F = Vault count percentage of total count
                 A         B        C        D         E       F
            +---------+---------+-------+---------+---------+-------
      Total |     282 |      36 |  11.3 |      62 |       1 |   1.6
            +---------+---------+-------+---------+---------+-------
        D:1 |      44 |       0 |   0.0 |      25 |       0 |   0.0
        D:2 |      48 |       0 |   0.0 |      17 |       0 |   0.0
        D:3 |     109 |      36 |  24.8 |      17 |       1 |   5.6
        D:5 |      81 |       0 |   0.0 |       3 |       0 |   0.0
            +---------+---------+-------+---------+---------+-------
